AoeStats
← aoesweden

Arena

509077647Analyzed
2v2 RM · 6d ago on Sep 25, 2026· 32m 40s· 4 players
Game mode
Random Map
Map size
Medium (4 player)
Population
200
Speed
Normal
Resources
Standard
Victory
Conquest
Starting age
Dark Age
Ending age
Imperial Age
RankedLock teamsTeams togetherTeam positionsShared explorationLock speedFull tech treeHidden civsTurbo modeCheats
Victory
Defeat
🇫🇷 Portuguese · France
968
+16
🇦🇺 Franks · Australia
964
+17
🇸🇪 Celts · Sweden
994
-17
🇹🇷 Bohemians · Türkiye
973
-16
1021513861
12:12 Feudal Age
16:41 Castle Age
16:48 Double-Bit Axe
22:54 Bow Saw
24:23 Gold Mining
25:17 Wheelbarrow
24:30 Loom
24:57 Stone Mining
26:13 Hand Cart
26:43 Gold Shaft Mining
28:08 Town Watch
28:36 Scale Barding Armor
32:19 Imperial Age
30:15 Chain Barding Armor
29:56 Scale Mail Armor
31:01 Forging
33:08 Ballistics
33:14 Chain Mail Armor
Oxtrizz38
11:18 Feudal Age
15:41 Castle Age
15:08 Loom
18:35 Fletching
25:15 Double-Bit Axe
25:48 Bodkin Arrow
27:42 Horse Collar
31:52 Wheelbarrow
31:32 Bow Saw
31:26 Heavy Plow
aoesweden
11:20 Feudal Age
11:50 Horse Collar
11:56 Double-Bit Axe
12:04 Gold Mining
12:12 Stone Mining
19:27 Castle Age
19:12 Scale Barding Armor
25:28 Chain Barding Armor
28:10 Bow Saw
28:56 Heavy Plow
33:08 Imperial Age
32:46 Forging
32:36 Scale Mail Armor
32:49 Husbandry
cormano
13:16 Feudal Age
17:13 Castle Age
15:41 Double-Bit Axe
20:26 Chemistry
19:46 Loom
19:36 Pikeman
26:42 Wheelbarrow
Connection lost

Rejoining the realm…

Still unreachable

The connection could not be restored.

Session expired

The server has moved on; the page needs a fresh start.